Map: 2000 Atmospheres LE

Players

Dark - Winner!

  • Race: Zerg Zerg

Ryung

  • Race: Terran Terran

Event: IEM Katowice 2022

VOD

Have the link to the VOD?

Description

Time

  • Played on: Feb. 24, 2022, 3:39 p.m.
  • Length: 18:03

All games in this series

Show
View Real Time Build Order
Export as new Build Order

Dark Zerg - Winner!

Build Orders: Hatch First 

Get SALT Encoding   

  12  0:00  Drone  
  13  0:12  Overlord  
  13  0:17  Drone  
  14  0:32  Drone x2  
  16  0:48  Hatchery  
  15  0:53  Drone  
  15  0:55  Drone  
  17  0:59  Drone  
  17  1:02  Extractor  
  17  1:14  Spawning Pool  
  17  1:18  Drone  
  17  1:20  Drone  
  18  1:31  Drone  
  19  1:45  Drone  
  20  1:51  Drone  
  21  2:01  Queen x2  
  21  2:02  Zergling x4  
  21  2:04  Metabolic Boost  
  27  2:12  Zergling x2  
  28  2:18  Overlord  
  28  2:37  Hatchery, Drone x2  
  29  2:40  Drone  
  29  2:41  Drone  
  31  2:48  Queen  
  33  2:55  Overlord  
  33  2:57  Drone  
  34  3:00  Drone  
  34  3:02  Drone  
  36  3:14  Drone x5  
  41  3:21  Drone  
  41  3:24  Queen  
  44  3:27  Overlord  
  44  3:39  Overlord  
  44  3:46  Drone x6  
  50  3:48  Queen  
  50  3:49  Overlord  
  50  3:51  Zergling x2  
  53  3:57  Drone  
  53  4:00  Queen  
  53  4:01  Drone x2  
  59  4:02  Drone  
  59  4:03  Extractor  
  59  4:07  Drone x2  
  59  4:09  Drone  
  61  4:14  Drone x2  
  61  4:16  Evolution Chamber x2  
  61  4:18  Drone  
  61  4:19  Drone  
  61  4:21  Drone x2  
  65  4:26  Queen  
  65  4:29  Drone x2  
  69  4:32  Drone x3  
  69  4:33  Drone  
  69  4:34  Drone  
  73  4:41  Overlord  
  73  4:44  Zerg Melee Weapons Level 1  
  73  4:45  Zerg Ground Armor Level 1  
  73  4:46  Overlord  
  73  4:50  Overlord  
  73  4:53  Overlord  
  73  5:00  Drone x5  
  73  5:02  Zergling x4  
  73  5:03  Drone x2  
  82  5:09  Lair  
  82  5:10  Drone x5  
  87  5:15  Baneling Nest  
  87  5:18  Hatchery  
  84  5:23  Drone x3, Extractor  
  84  5:25  Extractor  
  85  5:32  Hatchery  
  85  5:35  Drone  
  85  5:39  Hatchery  
  85  5:41  Zergling x10  
  89  5:47  Zergling x10  
  89  5:49  Drone  
  95  5:51  Zergling x6  
  98  6:00  Baneling x2  
  98  6:01  Baneling x6  
  98  6:03  Overlord x2  
  98  6:09  Burrow  
  98  6:12  Centrifugal Hooks  
  98  6:13  Hatchery  
  98  6:15  Baneling  
  97  6:23  Drone x2  
  97  6:24  Drone x4  
  97  6:25  Zergling x4  
  105  6:30  Zergling x4  
  107  6:38  Zergling x4  
  104  6:40  Overseer  
  104  6:43  Baneling  
  104  6:44  Baneling x3  
  104  6:47  Drone x4  
  106  6:52  Zergling x2  
  106  6:53  Zerg Ground Armor Level 2, Zergling x12  
  113  7:01  Drone x2  
  113  7:03  Roach Warren  
  113  7:06  Zerg Melee Weapons Level 2  
  114  7:09  Drone  
  114  7:10  Extractor  
  114  7:11  Extractor  
  114  7:13  Drone x8  
  114  7:15  Drone x2, Extractor x2  
  123  7:16  Infestation Pit  
  120  7:23  Zergling x2  
  120  7:24  Zergling x18  
  122  7:31  Zergling x12  
  125  7:38  Evolution Chamber  
  123  7:44  Baneling x2  
  123  7:45  Baneling  
  123  7:47  Roach  
  123  7:48  Overlord, Roach x6, Glial Reconstitution  
  137  7:52  Overlord  
  137  7:54  Overlord  
  137  7:56  Overlord  
  137  7:57  Baneling x2  
  137  7:58  Overlord  
  133  8:08  Roach x5  
  133  8:09  Roach  
  133  8:10  Zergling x2  
  133  8:11  Zergling x10  
  151  8:15  Zergling x12  
  151  8:17  Hive  
  158  8:20  Drone  
  158  8:23  Overlord  
  153  8:30  Zergling x10  
  153  8:31  Zergling x8  
  153  8:32  Overlord  
  153  8:33  Spore Crawler  
  159  8:35  Spore Crawler  
  159  8:37  Roach  
  159  8:38  Hatchery, Roach x3  
  159  8:40  Pneumatized Carapace  
  164  8:43  Drone x2  
  164  8:48  Baneling x7  
  166  8:49  Baneling  
  166  8:52  Zergling x6  
  166  8:55  Zerg Missile Weapons Level 1  
  169  8:58  Baneling x7  
  169  9:00  Zergling x8  
  169  9:01  Baneling x3  
  169  9:02  Baneling  
  173  9:04  Zergling x8  
  173  9:08  Zergling x8  
  174  9:18  Overlord  
  174  9:20  Ravager x4  
  177  9:28  Zerg Ground Armor Level 3  
  177  9:29  Zerg Melee Weapons Level 3, Zergling x8  
  177  9:30  Zergling x14  
  185  9:36  Baneling  
  185  9:37  Baneling x6  
  185  9:42  Overlord  
  185  9:43  Drone x2  
  187  9:51  Zergling x6  
  187  9:52  Zergling x14  
  196  9:56  Ravager  
  193  10:00  Baneling x2  
  193  10:01  Zergling x16  
  193  10:05  Ultralisk Cavern  
  197  10:10  Baneling  
  197  10:11  Baneling x3  
  195  10:17  Zergling x14  
  179  10:23  Roach x3  
  179  10:24  Roach  
  179  10:26  Zergling x20  
  179  10:27  Zergling x4  
  196  10:30  Zergling x6  
  189  10:36  Hatchery  
  163  10:48  Viper x2  
  161  10:54  Chitinous Plating  
  161  10:55  Ultralisk x2  
  161  10:56  Drone x3  
  176  10:57  Roach x2  
  176  10:58  Zergling x10  
  176  11:00  Zergling x2  
  176  11:01  Zergling x4  
  176  11:02  Baneling  
  176  11:03  Baneling x2  
  184  11:11  Zergling x18  
  178  11:15  Zergling x4  
  178  11:17  Zergling x8  
  170  11:21  Drone x3  
  167  11:26  Zergling x14  
  167  11:27  Zergling x2  
  167  11:29  Zergling x2  
  167  11:32  Ravager x2  
  177  11:33  Baneling x3  
  177  11:35  Zergling x6  
  176  11:41  Zerg Missile Weapons Level 2  
  176  11:42  Ultralisk  
  176  11:43  Zergling x2  
  176  11:54  Overseer, Ultralisk  
  176  11:58  Ultralisk  
  188  12:01  Baneling x2  
  188  12:02  Baneling x2  
  188  12:03  Zergling x8  
  188  12:04  Baneling x2  
  188  12:05  Baneling x2, Zergling x2  
  193  12:08  Zergling x2  
  193  12:09  Zergling x4  
  193  12:13  Anabolic Synthesis, Zergling x2  
  193  12:14  Zergling x6  
  200  12:27  Adrenal Glands  
  200  12:30  Baneling x2  
  200  12:31  Baneling  
  200  12:43  Zergling x20  
  170  12:51  Zergling x44  
  146  12:55  Drone x3  
  159  13:00  Zergling x2  
  159  13:01  Zergling x16  
  159  13:02  Zergling x2  
  159  13:03  Baneling x3  
  169  13:07  Zergling x6  
  169  13:09  Roach  
  169  13:11  Baneling, Roach  
  169  13:12  Baneling  
  174  13:14  Zergling x4  
  171  13:27  Ultralisk x2  
  171  13:28  Zergling x2  
  171  13:29  Zergling x2  
  171  13:30  Zergling x2  
  170  13:38  Zergling x18  
  170  13:41  Zergling x8  
  172  13:43  Ravager x2  
  166  13:58  Roach x9  
  181  14:05  Roach x4  
  178  14:18  Ravager  
  178  14:19  Overlord x3  
  178  14:22  Overlord  
  178  14:23  Overlord  
  178  14:24  Overlord  
  178  14:28  Drone x19  
  154  14:36  Roach x10  
  151  14:39  Roach  
  151  14:59  Hatchery  
  146  15:03  Ravager x3  
  146  15:06  Infestor  
  147  15:07  Infestor x2  
  147  15:12  Ravager  
  147  15:13  Ravager x2  
  152  15:14  Baneling x2  
  152  15:21  Ravager x6  
  157  15:38  Drone  
  157  15:39  Drone x4  
  157  15:40  Drone x11  
  154  15:48  Infestor x3  
  146  16:02  Roach x2  
  145  16:20  Spawning Pool  
  145  16:22  Hatchery  
  140  16:33  Hatchery, Roach x3  
  145  16:46  Infestor  
  145  16:50  Infestor x5  
  145  16:53  Extractor  
  144  17:08  Queen, Zergling x2  
  144  17:09  Zergling x10  
  151  17:33  Zergling x8  
Show
View Real Time Build Order
Export as new Build Order

Ryung Terran 

Build Orders: Reaper Expand, Mech 

Get SALT Encoding   

  12  0:00  SCV  
  13  0:12  SCV  
  14  0:16  Supply Depot  
  14  0:24  SCV  
  15  0:38  SCV  
  15  0:40  Barracks  
  16  0:43  Refinery  
  16  0:50  SCV  
  17  1:02  SCV  
  18  1:14  SCV  
  19  1:26  Reaper  
  19  1:27  Orbital Command  
  20  1:39  Command Center  
  20  1:49  Supply Depot  
  20  1:53  SCV  
  21  1:58  Marine  
  22  2:05  SCV  
  23  2:12  Factory  
  23  2:17  SCV  
  23  2:21  Barracks Reactor  
  24  2:29  SCV  
  24  2:38  Command Center  
  24  2:41  SCV  
  25  2:51  Orbital Command  
  25  2:53  SCV  
  26  3:02  Hellion  
  26  3:04  Hellion  
  30  3:07  Barracks Tech Lab  
  30  3:10  SCV  
  31  3:17  Barracks  
  31  3:20  SCV  
  31  3:22  SCV  
  31  3:27  Stimpack  
  33  3:31  Hellion  
  35  3:34  Hellion  
  35  3:36  SCV x2  
  35  3:40  Refinery  
  39  3:41  Marine  
  39  3:48  SCV x2  
  41  3:51  Orbital Command  
  42  4:00  SCV  
  42  4:01  SCV  
  42  4:02  Starport, Factory Reactor  
  44  4:06  Marine  
  45  4:12  SCV, Refinery  
  45  4:13  SCV  
  45  4:14  Marine  
  45  4:15  Marine  
  49  4:18  SCV  
  49  4:19  Supply Depot  
  49  4:24  Marine  
  50  4:28  SCV x2  
  50  4:30  SCV  
  54  4:38  Marine x2  
  56  4:40  Supply Depot  
  56  4:42  Supply Depot, Marine  
  56  4:43  SCV x2  
  56  4:44  Factory Reactor  
  56  4:45  SCV, Medivac  
  62  4:48  Medivac  
  64  4:54  Orbital Command  
  64  4:55  Refinery  
  64  4:58  Marine x2  
  64  4:59  SCV x2, Marine  
  68  5:06  Armory  
  69  5:07  Supply Depot  
  69  5:11  SCV x2  
  71  5:15  Marine  
  72  5:21  Marine  
  72  5:22  Marine  
  72  5:23  SCV x2  
  72  5:27  SCV  
  72  5:28  Factory, Combat Shield  
  77  5:31  Factory Tech Lab  
  77  5:33  Marine  
  79  5:35  SCV x2  
  79  5:42  Supply Depot  
  80  5:43  SCV  
  80  5:44  Supply Depot  
  80  5:45  Refinery, Marine x2  
  80  5:47  SCV  
  80  5:48  SCV  
  85  5:50  Medivac x2  
  85  5:51  Marine  
  85  5:56  Hellion  
  92  5:59  Infernal Pre-Igniter  
  92  6:00  SCV  
  92  6:03  Supply Depot  
  92  6:04  SCV x2  
  95  6:07  Supply Depot  
  95  6:12  SCV  
  95  6:13  Hellion x2, Refinery  
  95  6:14  Terran Vehicle Weapons Level 1  
  95  6:16  SCV  
  95  6:17  Hellion  
  103  6:19  Marine x2  
  103  6:20  Marine  
  103  6:22  SCV  
  103  6:23  Supply Depot  
  103  6:24  SCV  
  108  6:28  Factory  
  108  6:37  Marine x2  
  107  6:40  Marine  
  107  6:41  Hellion  
  107  6:42  Hellion x2  
  107  6:43  SCV x2  
  116  6:49  Armory  
  116  6:55  Marine x2  
  116  6:56  Command Center  
  116  6:58  Marine  
  119  7:04  Siege Tank  
  119  7:05  Hellion  
  119  7:07  Hellion  
  119  7:08  SCV x2  
  128  7:13  Factory Tech Lab, Marine x2  
  128  7:14  SCV  
  131  7:20  Supply Depot, SCV x2  
  131  7:21  Supply Depot  
  132  7:33  Siege Tank  
  132  7:34  Hellion x2  
  132  7:38  Factory  
  132  7:42  Factory, Siege Tank  
  135  7:47  Factory  
  135  7:50  SCV x3  
  138  7:52  Terran Vehicle And Ship Armor Level 1  
  138  8:00  Supply Depot  
  138  8:04  Hellion x2  
  138  8:05  Siege Tank  
  145  8:14  Siege Tank  
  143  8:28  Siege Tank  
  143  8:29  Hellion x2  
  143  8:30  Barracks Tech Lab x2  
  143  8:31  Terran Vehicle Weapons Level 2  
  143  8:34  Barracks, Ghost Academy  
  143  8:36  SCV x3  
  143  8:37  Siege Tank  
  143  8:41  Hellion x2  
  153  8:44  Engineering Bay  
  153  8:45  Supply Depot  
  153  8:46  Hellion  
  153  8:48  SCV x2, Orbital Command  
  157  8:52  Hellion x2  
  159  9:01  Hellion  
  161  9:06  Hellion x2  
  161  9:08  Ghost x2  
  169  9:15  Refinery x2  
  163  9:22  Hellion, Siege Tank x2  
  164  9:37  Ghost  
  164  9:38  Siege Tank  
  169  9:39  Hellion x2, Ghost, Orbital Command  
  169  9:41  Barracks Tech Lab  
  169  9:54  Siege Tank x2  
  165  10:05  Ghost  
  163  10:08  Hellion x2  
  163  10:09  Hellion x2  
  163  10:10  Siege Tank  
  163  10:13  SCV  
  163  10:14  SCV x3  
  161  10:26  SCV x4, Siege Tank x2  
  168  10:28  Terran Vehicle And Ship Armor Level 2  
  168  10:30  Hellion  
  168  10:31  Ghost x2  
  168  10:38  SCV  
  168  10:42  Siege Tank  
  154  10:43  Hellion x3  
  154  10:46  Ghost  
  144  10:58  Viking, Siege Tank  
  144  11:00  SCV x3  
  152  11:09  Hellion x2, Siege Tank  
  152  11:10  Hellion  
  153  11:14  Siege Tank  
  153  11:18  SCV x3  
  149  11:24  Hellion  
  149  11:25  SCV  
  138  11:30  SCV, Siege Tank  
  138  11:31  Hellion  
  144  11:36  Hellion x2  
  148  11:41  Siege Tank  
  148  11:49  SCV x4  
  148  11:50  Ghost x2  
  148  11:52  Engineering Bay  
  148  11:53  Hellion  
  152  11:58  Viking  
  152  12:01  SCV x3  
  157  12:10  Siege Tank  
  157  12:11  Ghost  
  157  12:13  Hellion, Siege Tank  
  167  12:22  Sensor Tower  
  167  12:25  Sensor Tower  
  167  12:28  Enhanced Shockwaves  
  167  12:30  SCV  
  167  12:33  SCV x2  
  167  12:34  SCV  
  144  12:47  Siege Tank x2  
  144  12:48  Hellion  
  144  12:49  Hellion x2  
  141  12:53  Hellion  
  141  12:56  Siege Tank  
  146  13:00  SCV x2  
  146  13:01  SCV x2  
  150  13:20  Hellion, Siege Tank x2  
  150  13:21  Hellion x2  
  150  13:22  Hellion  
  160  13:28  Hellion  
  152  13:38  Orbital Command  
  127  13:41  Orbital Command  
  127  13:42  Hellion x3  
  127  13:43  Hellion  
  118  13:49  Hellion  
  118  13:52  Hellion x2  
  101  14:03  Hellion x2  
  77  14:28  Orbital Command  
  59  14:38  Orbital Command  
  46  15:02  Orbital Command x2  
  46  15:22  Factory Tech Lab  
  46  15:33  Orbital Command  
  46  15:45  Orbital Command  
  42  16:00  Orbital Command  
  42  16:32  Orbital Command  
  42  16:40  Orbital Command  

Tags
 
Add a new tag
Caveats
  • Supply blocks, unpowered buildings, or Contaminate may cause inaccurate times.
  • Supply counts are checked every 10 seconds.